 Dungeon Crawl Stone Soup version 0.24.0-41-g2ae2f7f1be (webtiles) character file.

Game seed: 2443181630330813538, levelgen mode: deterministic

312 Freitmort the Conjurer (level 6, -1/32 HPs)
             Began as a Deep Elf Conjurer on Dec 12, 2019.
             Killed by divine providence
             ... invoked by an orc priest
              (12 damage)
             ... on level 3 of the Dungeon.
             The game lasted 00:12:09 (2586 turns).

Freitmort the Conjurer (Deep Elf Conjurer)          Turns: 2586, Time: 00:12:10

Health: -1/32      AC:  3    Str:  7    XL:     6   Next: 18%
Magic:  7/15       EV: 13    Int: 20    God:
Gold:   159        SH:  0    Dex: 15    Spells: 12/15 levels left

rFire    . . .     SeeInvis .   i - +1 short sword
rCold    . . .     Gourm    .   (no shield)
rNeg     . . .     Faith    .   a - +0 robe
rPois    .         Spirit   .   (no helmet)
rElec    .         Reflect  .   (no cloak)
rCorr    .         Harm     .   h - +0 pair of gloves
MR       .....                  (no boots)
Stlth    ++........             (no amulet)
HPRegen  0.10/turn              (no ring)
MPRegen  0.14/turn              (no ring)

@: no status effects
A: no striking features
a: no special abilities


You were on level 3 of the Dungeon.
You were not hungry.

You visited 1 branch of the dungeon, and saw 3 of its levels.

You collected 159 gold pieces.

Inventory:

Hand Weapons
 i - a +1 short sword (weapon)
Armour
 a - a +0 robe (worn)
 h - a +0 pair of gloves (worn)
Scrolls
 b - a scroll of enchant weapon
 d - a scroll of identify
 j - a scroll of remove curse
Potions
 e - a potion of heal wounds
 f - a potion of curing
 g - a potion of might
Comestibles
 c - 7 rations


   Skills:
 + Level 0.1 Fighting
 + Level 0.5 Short Blades
 + Level 3.3 Dodging
 + Level 3.4 Stealth
 + Level 5.3 Spellcasting
 + Level 6.5 Conjurations


You had 12 spell levels left.
You knew the following spells:

 Your Spells              Type           Power        Failure   Level  Hunger
a - Magic Dart            Conj           ####         1%          1    None
b - Searing Ray           Conj           ####..       1%          2    None

Your spell library contained the following spells:

 Spells                   Type           Power        Failure   Level  Hunger
 Iskenderun's Mystic Bla  Conj           ####....     8%          4    ####...
 Dazzling Spray           Conj/Hex       ###...       9%          3    ##.....
 Force Lance              Conj/Tloc      ###.....     28%         4    ####...
 Fulminant Prism          Conj/Hex       ###.......   28%         4    ####...


Dungeon Overview and Level Annotations

Branches:
Dungeon (3/15)

Altars:
Dithmenos


Message History

The magic dart hits the orc.
The orc is heavily wounded.
The orc closely misses you.
Casting: Magic Dart (safe; 1% risk of failure)
Confirm with . or Enter, or press ? or * to list all spells.
Aiming: Magic Dart (safe; 1% risk of failure)
Press: ? - help, Shift-Dir - straight line, f/p - orc
Aim: an orc, wielding a +0 flail and wearing a +0 ring mail (heavily wounded)
The magic dart hits the orc.
You kill the orc!
An orc comes into view. It is wielding a +1 flail of crushing.
The orc priest miscasts a cantrip.
The orc priest barely misses you. The orc barely misses you.
The orc priest hits you but does no damage.
The orc hits you with a +1 flail of crushing.
The orc priest begins to cast a cantrip, but forgets the words!
The orc priest mumbles some strange prayers to Beogh against you.
Beogh smites you!
You die...

.'.# ##.# # #.# .#
##.# .# ...# ..
#### ###. #.. ##
### #.# #.. ...
#@# # #.# #.##.#.#
##.# ## #[#o#.#
...# #.# ##.o..#
#..# #.###...###
#..########.#>..)#
#................#
##.########.....##
##.# #...†.#


You could see an orc priest and an orc.

Vanquished Creatures
  Grinder (D:3)
  Robin (D:2)
  4 adders
  4 dart slugs
  2 orcs (D:3)
  2 giant cockroaches (D:1)
  6 hobgoblins
  4 jackals (D:1)
  9 kobolds
  A quokka (D:2)
  A ball python (D:1)
  14 bats
  6 frilled lizards
  13 goblins
  6 rats
74 creatures vanquished.

Notes
Turn   | Place    | Note
-------+----------+-------------------------------------------
     0 | D:1      | Freitmort the Deep Elf Conjurer began the quest for the
                  | Orb.
     0 | D:1      | Reached XP level 1. HP: 10/10 MP: 6/6
   237 | D:1      | Reached XP level 2. HP: 15/15 MP: 4/8
   275 | D:1      | Learned a level 2 spell: Searing Ray
   635 | D:1      | Reached skill level 5 in Conjurations
   989 | D:1      | Reached XP level 3. HP: 19/19 MP: 7/9
  1498 | D:2      | Noticed Robin
  1513 | D:2      | Killed Robin
  1562 | D:2      | Reached XP level 4. HP: 24/24 MP: 4/11
  2225 | D:3      | Noticed Grinder
  2237 | D:3      | Killed Grinder
  2237 | D:3      | Reached skill level 5 in Spellcasting
  2237 | D:3      | Reached skill level 6 in Conjurations
  2237 | D:3      | Reached XP level 5. HP: 15/28 MP: 1/14
  2237 | D:3      | Reached XP level 6. HP: 18/32 MP: 1/15
  2509 | D:3      | Found a shadowy altar of Dithmenos.
  2586 | D:3      | Killed from afar by an orc priest

Levels and vault maps discovered:
D:1:      psy_arrival_basics, layout_basic
D:2:      layout_rooms, uniq_robin
D:3:      layout_loops_ring, minitemple, lemuel_doored_altar, first_ration,
          minmay_crystal_room, uniq_jessica, uniq_grinder

Skill      XL: |  1  2  3  4 |
---------------+-------------+-----
Conjurations   | 5 6 |  6.5
Dodging        | 3 |  3.3
Stealth        | 3 |  3.4
Spellcasting   | 5 |  5.3
Fighting       | |  0.1
Short Blades   | |  0.5

Action                   |  1- 3 |  4- 6 || total
-------------------------+-------+-------++-------
Melee: Dagger            |    12 |       ||    12
 Cast: Magic Dart        |    86 |    58 ||   144
       Searing Ray       |     2 |     5 ||     7
  Use: Scroll            |       |     6 ||     6
  Eat: Chunk             |     1 |     4 ||     5
Armor: Robe              |     3 |     3 ||     6
Dodge: Dodged            |    21 |     7 ||    28
